[ AOE2 MATCH · #465090025 ]
UnrankedHuns vs Magyars
[ REPLAY ANALYSIS · EXTRACTED FROM THE RECORDED GAME ]
Feudal
10:17
Castle
14:30
Imperial
29:10
| APM avg | 19.3 |
| APM peak | 51 |
| eAPM avg | 11.6 |
| Villagers / military | 100 / 94 |
Focus
⚔️ 32.1% · 🌾 67.9%
Tarkan ×80 · Cavalry Archer ×8 · Trebuchet (Packed) ×5 · Monk ×1
Feudal
11:33
Castle
16:31
Imperial
34:33
| APM avg | 19.7 |
| APM peak | 63 |
| eAPM avg | 14.9 |
| Villagers / military | 134 / 156 |
Focus
⚔️ 34.6% · 🌾 65.4%
Magyar Huszar ×152 · Trebuchet (Packed) ×3 · Knight ×1
Feudal
11:14
Castle
16:49
Imperial
36:34
| APM avg | 24.2 |
| APM peak | 57 |
| eAPM avg | 15.2 |
| Villagers / military | 154 / 144 |
Focus
⚔️ 21.0% · 🌾 79.0%
Archer ×123 · Battering Ram ×20 · Unknown (1942) ×10 · Monk ×1
Feudal
11:27
Castle
18:17
Imperial
35:11
| APM avg | 16.4 |
| APM peak | 52 |
| eAPM avg | 10.4 |
| Villagers / military | 124 / 70 |
Focus
⚔️ 20.2% · 🌾 79.8%
Knight ×67 · Monk ×3 · Trade Cart ×1
Feudal
11:20
Castle
16:36
Imperial
34:43
| APM avg | 30.9 |
| APM peak | 65 |
| eAPM avg | 13.0 |
| Villagers / military | 137 / 49 |
Focus
⚔️ 22.2% · 🌾 77.8%
Conquistador ×18 · Skirmisher ×15 · Knight ×9 · Bombard Cannon ×4 · Trebuchet (Packed) ×2 · Spearman ×1
Feudal
12:49
Castle
18:32
Imperial
34:15
| APM avg | 13.0 |
| APM peak | 38 |
| eAPM avg | 8.1 |
| Villagers / military | 66 / 39 |
Focus
⚔️ 24.4% · 🌾 75.6%
Conquistador ×23 · Knight ×12 · Missionary ×4 · Trade Cart ×1
Feudal
11:33
Castle
15:48
Imperial
38:33
| APM avg | 19.6 |
| APM peak | 42 |
| eAPM avg | 10.1 |
| Villagers / military | 99 / 94 |
Focus
⚔️ 25.6% · 🌾 74.4%
Scorpion ×48 · Spearman ×36 · Militia ×8 · Trebuchet (Packed) ×2
Feudal
11:15
Castle
14:39
Imperial
31:14
| APM avg | 27.5 |
| APM peak | 76 |
| eAPM avg | 14.4 |
| Villagers / military | 128 / 187 |
Focus
⚔️ 25.2% · 🌾 74.8%
Scout Cavalry ×118 · Hand Cannoneer ×49 · Bombard Cannon ×17 · Trebuchet (Packed) ×2 · Janissary ×1
Match map
Initial resources + every placement click. Lines = walls · curves = elevation contours. ◆ gold · ⬟ stone · ● berries · ✦ relic · ◌ wall gap
Your base· ✓ Closed at 14:30 · 0t walls · 2 gate(s)
likelisi017's base· ✓ Closed at 16:31 · 0t walls · 3 gate(s)
Qtiz's base· ✓ Closed at 16:49 · 0t walls · 3 gate(s)
chens_pancake's base· ✓ Closed at 18:17 · 0t walls · 3 gate(s)
lvl.99 Weezing's base· ✓ Closed at 16:36 · 0t walls · 3 gate(s)
Beefbrocolli's base· ✓ Closed at 18:32 · 0t walls · 3 gate(s)
GoblinMasterUK's base· ✓ Closed at 15:48 · 0t walls · 2 gate(s)
Lorem Ipsum's base· ✓ Closed at 14:39 · 0t walls · 2 gate(s)
Smoothed initial terrain · ◌ = detected wall gap · hover for details
Inputs per minute
— SwissMilk - - likelisi017
Build order — SwissMilk
First 150 of 300 actions detected
| 0:02 | Create | Villager (Male) |
| 0:02 | Create | Villager (Male) |
| 0:02 | Create | Villager (Male) |
| 0:42 | Create | Villager (Male) |
| 1:21 | Create | Villager (Male) |
| 1:21 | Create | Villager (Male) |
| 2:06 | Create | Villager (Male) |
| 2:06 | Create | Villager (Male) |
| 2:41 | Create | Villager (Male) |
| 2:41 | Create | Villager (Male) |
| 3:22 | Create | Villager (Male) |
| 3:22 | Create | Villager (Male) |
| 3:27 | Build | Lumber Camp |
| 4:05 | Create | Villager (Male) |
| 4:05 | Create | Villager (Male) |
| 4:41 | Create | Villager (Male) |
| 4:41 | Create | Villager (Male) |
| 5:23 | Create | Villager (Male) |
| 5:23 | Create | Villager (Male) |
| 5:46 | Create | Villager (Male) |
| 5:47 | Create | Villager (Male) |
| 6:47 | Build | Mill |
| 7:17 | Create | Villager (Male) |
| 7:17 | Create | Villager (Male) |
| 7:53 | Research | Feudal Age |
| 8:53 | Build | Mining Camp |
| 10:17 | Age | Feudal Age |
| 10:22 | Build | Market |
| 10:28 | Build | Blacksmith |
| 10:35 | Create | Villager (Male) |
| 10:35 | Create | Villager (Male) |
| 11:01 | Create | Villager (Male) |
| 11:37 | Research | Castle Age |
| 12:37 | Research | Double-Bit Axe |
| 12:50 | Build | Mill |
| 13:35 | Research | Gold Mining |
| 13:44 | Research | Horse Collar |
| 13:51 | Build | Farm |
| 13:52 | Build | Farm |
| 13:54 | Build | Farm |
| 13:55 | Build | Farm |
| 14:30 | Age | Castle Age |
| 14:32 | Build | Town Center |
| 14:36 | Research | Wheelbarrow |
| 15:43 | Create | Villager (Male) |
| 15:43 | Create | Villager (Male) |
| 15:44 | Create | Villager (Male) |
| 16:37 | Create | Villager (Male) |
| 16:40 | Create | Villager (Male) |
| 16:44 | Build | Farm |
| 16:50 | Build | Farm |
| 16:56 | Create | Villager (Male) |
| 17:14 | Build | Farm |
| 17:17 | Create | Villager (Male) |
| 17:26 | Build | Farm |
| 17:31 | Create | Villager (Male) |
| 17:36 | Build | Farm |
| 17:42 | Create | Villager (Male) |
| 17:45 | Create | Villager (Male) |
| 18:00 | Build | Farm |
| 18:05 | Create | Villager (Male) |
| 18:07 | Create | Villager (Male) |
| 18:16 | Build | Town Center |
| 18:22 | Create | Villager (Male) |
| 18:27 | Create | Villager (Male) |
| 18:38 | Build | Farm |
| 18:47 | Create | Villager (Male) |
| 18:50 | Build | Farm |
| 18:54 | Create | Villager (Male) |
| 19:18 | Build | Farm |
| 19:22 | Create | Villager (Male) |
| 19:23 | Create | Villager (Male) |
| 19:40 | Research | Stone Mining |
| 19:44 | Create | Villager (Male) |
| 19:44 | Create | Villager (Male) |
| 19:52 | Build | Farm |
| 19:57 | Create | Villager (Male) |
| 20:00 | Create | Villager (Male) |
| 20:08 | Build | Farm |
| 20:13 | Create | Villager (Male) |
| 20:13 | Create | Villager (Male) |
| 20:32 | Build | Monastery |
| 20:39 | Build | Farm |
| 20:40 | Create | Villager (Male) |
| 20:41 | Create | Villager (Male) |
| 20:46 | Create | Villager (Male) |
| 20:46 | Create | Villager (Male) |
| 21:11 | Build | Farm |
| 21:15 | Create | Villager (Male) |
| 21:16 | Create | Villager (Male) |
| 21:16 | Create | Villager (Male) |
| 21:20 | Create | Monk |
| 21:42 | Create | Villager (Male) |
| 21:42 | Create | Villager (Male) |
| 21:50 | Build | Mill |
| 22:08 | Build | Farm |
| 22:09 | Build | Farm |
| 22:11 | Build | Farm |
| 22:12 | Build | Farm |
| 22:13 | Build | Farm |
| 22:14 | Build | Farm |
| 22:16 | Build | Farm |
| 22:43 | Research | Hand Cart |
| 22:44 | Create | Villager (Male) |
| 22:44 | Create | Villager (Male) |
| 22:44 | Create | Villager (Male) |
| 22:44 | Create | Villager (Male) |
| 23:40 | Build | Farm |
| 23:41 | Build | Farm |
| 23:51 | Build | Castle |
| 24:46 | Create | Villager (Male) |
| 24:46 | Create | Villager (Male) |
| 24:46 | Create | Villager (Male) |
| 24:46 | Create | Villager (Male) |
| 24:47 | Create | Villager (Male) |
| 24:47 | Create | Villager (Male) |
| 24:47 | Create | Villager (Male) |
| 25:03 | Build | Mining Camp |
| 25:07 | Research | Gold Shaft Mining |
| 25:09 | Research | Bow Saw |
| 25:11 | Research | Heavy Plow |
| 25:43 | Build | Lumber Camp |
| 25:48 | Build | Lumber Camp |
| 25:56 | Create | Villager (Male) |
| 25:57 | Create | Villager (Male) |
| 25:57 | Create | Villager (Male) |
| 26:00 | Research | Imperial Age |
| 26:14 | Build | Mining Camp |
| 26:34 | Build | Castle |
| 26:42 | Research | Forging |
| 26:43 | Research | Scale Barding Armor |
| 27:14 | Create | Villager (Male) |
| 27:14 | Create | Villager (Male) |
| 27:14 | Create | Villager (Male) |
| 27:14 | Create | Villager (Male) |
| 27:24 | Build | Mill |
| 27:39 | Build | Farm |
| 27:40 | Build | Farm |
| 27:41 | Build | Farm |
| 27:42 | Build | Farm |
| 27:43 | Build | Farm |
| 27:44 | Build | Farm |
| 27:46 | Build | Farm |
| 27:47 | Build | Farm |
| 27:52 | Build | Farm |
| 28:06 | Build | Barracks |
| 28:33 | Build | Farm |
| 28:43 | Research | Iron Casting |
| 28:44 | Research | Chain Barding Armor |
| 28:47 | Create | Villager (Male) |
Build order — likelisi017
First 150 of 439 actions detected
| 0:05 | Create | Villager (Male) |
| 0:05 | Create | Villager (Male) |
| 0:05 | Create | Villager (Male) |
| 0:06 | Create | Villager (Male) |
| 0:06 | Create | Villager (Male) |
| 0:10 | Build | House |
| 1:37 | Create | Villager (Male) |
| 1:37 | Create | Villager (Male) |
| 2:04 | Build | House |
| 2:10 | Create | Villager (Male) |
| 2:11 | Create | Villager (Male) |
| 2:32 | Build | House |
| 2:33 | Build | House |
| 2:37 | Create | Villager (Male) |
| 2:37 | Create | Villager (Male) |
| 3:15 | Build | Mill |
| 3:27 | Create | Villager (Male) |
| 3:27 | Create | Villager (Male) |
| 3:28 | Create | Villager (Male) |
| 4:31 | Create | Villager (Male) |
| 4:31 | Create | Villager (Male) |
| 4:32 | Create | Villager (Male) |
| 4:32 | Create | Villager (Male) |
| 5:38 | Create | Villager (Male) |
| 5:39 | Create | Villager (Male) |
| 5:39 | Create | Villager (Male) |
| 5:45 | Build | Lumber Camp |
| 5:51 | Create | Villager (Male) |
| 5:52 | Create | Villager (Male) |
| 5:52 | Create | Villager (Male) |
| 5:52 | Create | Villager (Male) |
| 6:16 | Create | Villager (Male) |
| 6:17 | Create | Villager (Male) |
| 6:43 | Create | Villager (Male) |
| 6:43 | Create | Villager (Male) |
| 7:02 | Build | House |
| 7:32 | Create | Villager (Male) |
| 7:50 | Create | Villager (Male) |
| 7:50 | Create | Villager (Male) |
| 8:15 | Create | Villager (Male) |
| 8:16 | Create | Villager (Male) |
| 9:04 | Research | Feudal Age |
| 10:16 | Build | Farm |
| 10:27 | Build | Barracks |
| 10:38 | Build | Farm |
| 11:13 | Create | Villager (Male) |
| 11:14 | Create | Villager (Male) |
| 11:33 | Age | Feudal Age |
| 11:39 | Build | Blacksmith |
| 12:12 | Create | Villager (Male) |
| 12:30 | Build | Stable |
| 12:37 | Create | Villager (Male) |
| 13:16 | Build | House |
| 13:17 | Build | House |
| 13:22 | Create | Villager (Male) |
| 13:38 | Build | Mining Camp |
| 13:51 | Research | Castle Age |
| 13:56 | Research | Double-Bit Axe |
| 13:58 | Research | Horse Collar |
| 14:18 | Build | House |
| 14:19 | Build | House |
| 14:49 | Build | Farm |
| 14:57 | Research | Stone Mining |
| 15:03 | Build | Farm |
| 15:24 | Build | House |
| 15:25 | Build | House |
| 15:27 | Build | House |
| 15:28 | Build | House |
| 15:40 | Build | Farm |
| 15:43 | Create | Villager (Male) |
| 15:43 | Create | Villager (Male) |
| 16:31 | Age | Castle Age |
| 16:36 | Build | Town Center |
| 16:51 | Build | Farm |
| 17:00 | Build | Farm |
| 17:01 | Build | Farm |
| 17:05 | Create | Villager (Male) |
| 17:16 | Build | Farm |
| 17:18 | Build | Farm |
| 17:40 | Research | Heavy Plow |
| 17:45 | Research | Loom |
| 18:01 | Build | Farm |
| 18:18 | Create | Villager (Male) |
| 18:19 | Create | Villager (Male) |
| 18:27 | Build | Farm |
| 18:33 | Create | Villager (Male) |
| 18:33 | Create | Villager (Male) |
| 18:52 | Build | Castle |
| 18:57 | Create | Villager (Male) |
| 18:57 | Create | Villager (Male) |
| 19:25 | Create | Knight |
| 19:37 | Create | Villager (Male) |
| 19:38 | Create | Villager (Male) |
| 20:02 | Build | Farm |
| 20:03 | Build | Farm |
| 20:04 | Build | Farm |
| 20:06 | Build | Farm |
| 20:07 | Build | Farm |
| 20:09 | Build | Farm |
| 20:13 | Create | Villager (Male) |
| 20:13 | Create | Villager (Male) |
| 20:14 | Create | Villager (Male) |
| 20:27 | Create | Villager (Male) |
| 20:28 | Create | Villager (Male) |
| 20:28 | Create | Villager (Male) |
| 20:48 | Create | Villager (Male) |
| 20:49 | Create | Villager (Male) |
| 21:00 | Build | Lumber Camp |
| 21:09 | Create | Villager (Male) |
| 21:10 | Create | Villager (Male) |
| 21:10 | Create | Villager (Male) |
| 21:43 | Research | Wheelbarrow |
| 21:49 | Create | Villager (Male) |
| 21:58 | Build | Farm |
| 21:59 | Build | Farm |
| 22:00 | Build | Farm |
| 22:04 | Create | Villager (Male) |
| 22:04 | Create | Villager (Male) |
| 22:30 | Build | Farm |
| 22:31 | Build | Farm |
| 22:33 | Create | Villager (Male) |
| 22:34 | Create | Villager (Male) |
| 22:35 | Create | Villager (Male) |
| 22:35 | Create | Villager (Male) |
| 22:35 | Create | Villager (Male) |
| 23:04 | Research | Corvinian Army |
| 23:17 | Create | Villager (Male) |
| 23:17 | Create | Villager (Male) |
| 23:32 | Build | Farm |
| 23:32 | Build | Farm |
| 23:34 | Build | Farm |
| 23:35 | Build | Farm |
| 23:36 | Build | Farm |
| 23:49 | Research | Bloodlines |
| 23:53 | Create | Magyar Huszar |
| 23:53 | Create | Magyar Huszar |
| 23:56 | Create | Villager (Male) |
| 23:56 | Create | Villager (Male) |
| 24:11 | Create | Magyar Huszar |
| 24:12 | Create | Magyar Huszar |
| 24:12 | Create | Magyar Huszar |
| 24:27 | Create | Villager (Male) |
| 24:33 | Build | Farm |
| 24:35 | Build | Farm |
| 24:36 | Build | Farm |
| 24:37 | Build | Farm |
| 24:43 | Create | Villager (Male) |
| 24:43 | Create | Villager (Male) |
| 24:43 | Create | Villager (Male) |
| 24:46 | Create | Villager (Male) |
Build order — Qtiz
First 150 of 349 actions detected
| 0:04 | Build | House |
| 0:08 | Build | House |
| 0:09 | Create | Villager (Male) ×4 |
| 1:56 | Create | Villager (Male) ×2 |
| 1:56 | Create | Villager (Male) ×2 |
| 2:38 | Create | Villager (Male) |
| 3:10 | Create | Villager (Male) ×2 |
| 3:52 | Build | House |
| 3:53 | Build | House |
| 3:58 | Build | Lumber Camp |
| 4:04 | Create | Villager (Male) ×3 |
| 4:39 | Create | Villager (Male) ×3 |
| 5:22 | Create | Villager (Male) |
| 6:36 | Create | Villager (Male) ×5 |
| 6:47 | Build | Mill |
| 7:36 | Build | Farm |
| 7:59 | Build | Farm |
| 8:19 | Build | Farm |
| 8:47 | Build | Farm |
| 8:52 | Research | Feudal Age |
| 9:28 | Create | Villager (Male) |
| 9:28 | Create | Villager (Male) |
| 9:37 | Build | House |
| 9:40 | Build | House |
| 9:41 | Build | House |
| 9:42 | Build | House |
| 10:06 | Build | Lumber Camp |
| 10:14 | Build | Lumber Camp |
| 11:03 | Build | Mining Camp |
| 11:14 | Age | Feudal Age |
| 11:17 | Research | Double-Bit Axe |
| 11:48 | Create | Villager (Male) |
| 11:49 | Create | Villager (Male) |
| 11:49 | Create | Villager (Male) |
| 12:14 | Build | Farm |
| 12:25 | Research | Horse Collar |
| 12:54 | Build | Blacksmith |
| 13:04 | Create | Villager (Male) |
| 13:04 | Create | Villager (Male) |
| 13:17 | Build | Market |
| 13:31 | Build | Farm |
| 13:52 | Build | Farm |
| 13:57 | Build | Farm |
| 14:08 | Research | Castle Age |
| 14:14 | Build | Farm |
| 14:31 | Build | Farm |
| 14:45 | Create | Villager (Male) |
| 14:45 | Create | Villager (Male) |
| 15:49 | Create | Villager (Male) |
| 15:49 | Create | Villager (Male) |
| 16:49 | Age | Castle Age |
| 16:52 | Build | Town Center |
| 17:02 | Build | Town Center |
| 17:14 | Research | Bow Saw |
| 17:32 | Research | Heavy Plow |
| 17:36 | Create | Villager (Male) |
| 17:36 | Create | Villager (Male) |
| 17:39 | Research | Fletching |
| 17:55 | Create | Villager (Male) |
| 17:55 | Create | Villager (Male) |
| 17:55 | Create | Villager (Male) |
| 17:55 | Create | Villager (Male) |
| 18:04 | Create | Villager (Male) |
| 18:05 | Create | Villager (Male) |
| 18:05 | Create | Villager (Male) |
| 18:05 | Create | Villager (Male) |
| 18:15 | Build | Farm |
| 18:22 | Build | Farm |
| 18:22 | Build | Farm |
| 19:23 | Create | Villager (Male) |
| 19:23 | Create | Villager (Male) |
| 19:23 | Create | Villager (Male) |
| 19:24 | Create | Villager (Male) |
| 19:24 | Create | Villager (Male) |
| 19:24 | Create | Villager (Male) |
| 19:41 | Create | Villager (Male) |
| 19:42 | Create | Villager (Male) |
| 19:42 | Create | Villager (Male) |
| 19:42 | Create | Villager (Male) |
| 19:51 | Build | Farm |
| 19:52 | Build | Farm |
| 19:52 | Build | Farm |
| 19:52 | Build | Farm |
| 19:52 | Build | Farm |
| 20:03 | Build | Farm |
| 20:03 | Build | Farm |
| 20:04 | Build | Farm |
| 20:05 | Build | Farm |
| 20:28 | Create | Villager (Male) |
| 20:29 | Create | Villager (Male) |
| 20:30 | Create | Villager (Male) |
| 20:30 | Create | Villager (Male) |
| 20:52 | Build | Barracks |
| 20:58 | Build | House |
| 21:04 | Build | House |
| 21:05 | Build | House |
| 21:06 | Build | House |
| 21:06 | Build | House |
| 21:07 | Build | House |
| 21:08 | Build | House |
| 21:09 | Build | House |
| 21:10 | Build | House |
| 21:10 | Build | House |
| 21:11 | Build | House |
| 21:12 | Build | House |
| 21:14 | Build | House |
| 21:15 | Build | House |
| 21:16 | Build | House |
| 21:17 | Build | House |
| 21:24 | Create | Villager (Male) |
| 21:25 | Create | Villager (Male) |
| 21:25 | Create | Villager (Male) |
| 21:25 | Create | Villager (Male) |
| 21:25 | Create | Villager (Male) |
| 21:26 | Create | Villager (Male) |
| 21:31 | Research | Stone Mining |
| 21:50 | Build | Mining Camp |
| 21:54 | Research | Loom |
| 21:57 | Research | Wheelbarrow |
| 21:58 | Research | Town Watch |
| 22:05 | Create | Villager (Male) |
| 22:09 | Create | Villager (Male) |
| 22:18 | Build | Farm |
| 22:18 | Build | Farm |
| 22:19 | Build | Farm |
| 22:32 | Create | Villager (Male) |
| 22:32 | Create | Villager (Male) |
| 22:32 | Create | Villager (Male) |
| 22:54 | Build | Archery Range |
| 23:05 | Create | Villager (Male) |
| 23:05 | Create | Villager (Male) |
| 23:06 | Create | Villager (Male) |
| 23:06 | Create | Villager (Male) |
| 23:06 | Create | Villager (Male) |
| 23:26 | Build | House |
| 23:27 | Build | House |
| 23:28 | Build | House |
| 23:29 | Build | House |
| 23:30 | Build | House |
| 23:31 | Build | House |
| 23:32 | Build | House |
| 23:33 | Build | House |
| 23:42 | Research | Gold Mining |
| 23:46 | Research | Bodkin Arrow |
| 23:46 | Research | Padded Archer Armor |
| 23:48 | Create | Villager (Male) |
| 24:02 | Build | Monastery |
| 24:09 | Build | Archery Range |
| 24:11 | Build | Archery Range |
| 24:29 | Build | Castle |
Build order — chens_pancake
First 150 of 246 actions detected
| 0:01 | Create | Villager (Male) |
| 0:02 | Research | Loom |
| 0:02 | Create | Villager (Male) |
| 0:02 | Create | Villager (Male) |
| 0:03 | Create | Villager (Male) |
| 0:06 | Build | House |
| 0:54 | Build | House |
| 0:58 | Build | House |
| 1:01 | Build | House |
| 1:02 | Build | House |
| 1:59 | Create | Villager (Male) |
| 2:24 | Create | Villager (Male) |
| 3:01 | Create | Villager (Male) |
| 3:15 | Build | Mill |
| 3:20 | Create | Villager (Male) |
| 3:44 | Create | Villager (Male) |
| 4:06 | Create | Villager (Male) |
| 4:25 | Create | Villager (Male) |
| 4:38 | Create | Villager (Male) |
| 4:41 | Create | Villager (Male) |
| 5:10 | Create | Villager (Male) |
| 5:11 | Create | Villager (Male) |
| 5:25 | Create | Villager (Male) |
| 6:36 | Build | Lumber Camp |
| 7:06 | Create | Villager (Male) |
| 7:06 | Create | Villager (Male) |
| 7:07 | Create | Villager (Male) |
| 7:07 | Create | Villager (Male) |
| 7:07 | Create | Villager (Male) |
| 8:19 | Build | Mill |
| 8:26 | Research | Feudal Age |
| 8:55 | Build | Mining Camp |
| 9:06 | Build | House |
| 9:21 | Build | House |
| 10:24 | Build | Mining Camp |
| 10:53 | Create | Villager (Male) |
| 10:54 | Create | Villager (Male) |
| 10:54 | Create | Villager (Male) |
| 10:54 | Create | Villager (Male) |
| 10:55 | Create | Villager (Male) |
| 10:56 | Create | Villager (Male) |
| 10:56 | Create | Villager (Male) |
| 10:56 | Create | Villager (Male) |
| 10:57 | Create | Villager (Male) |
| 10:57 | Create | Villager (Male) |
| 11:27 | Age | Feudal Age |
| 11:28 | Research | Double-Bit Axe |
| 12:55 | Build | Market |
| 13:58 | Build | Blacksmith |
| 14:17 | Research | Stone Mining |
| 14:39 | Build | Farm |
| 14:45 | Research | Castle Age |
| 15:35 | Build | Farm |
| 15:39 | Build | Farm |
| 15:42 | Build | Farm |
| 15:46 | Build | Farm |
| 15:49 | Build | Farm |
| 15:59 | Build | Farm |
| 16:07 | Build | Farm |
| 16:26 | Research | Gold Mining |
| 16:39 | Build | House |
| 16:40 | Build | House |
| 16:42 | Build | House |
| 16:44 | Build | House |
| 17:17 | Build | House |
| 17:20 | Build | House |
| 17:24 | Build | House |
| 17:25 | Build | House |
| 17:27 | Build | House |
| 17:29 | Build | House |
| 17:39 | Build | Gate |
| 17:44 | Build | House |
| 17:46 | Build | House |
| 17:47 | Build | House |
| 17:48 | Build | House |
| 17:51 | Build | House |
| 17:52 | Build | House |
| 17:53 | Build | House |
| 18:17 | Age | Castle Age |
| 18:18 | Research | Bow Saw |
| 18:28 | Create | Villager (Male) ×5 |
| 19:05 | Build | Stone Wall |
| 19:07 | Build | Gate |
| 19:12 | Create | Villager (Male) ×5 |
| 19:22 | Build | Town Center |
| 19:44 | Build | House |
| 19:57 | Create | Villager (Male) ×3 |
| 20:30 | Research | Gold Shaft Mining |
| 20:42 | Build | Monastery |
| 20:50 | Build | Farm |
| 20:52 | Create | Villager (Male) |
| 21:07 | Build | Farm |
| 21:08 | Build | Farm |
| 21:09 | Build | Farm |
| 21:10 | Build | Farm |
| 21:12 | Build | Farm |
| 21:23 | Build | Farm |
| 21:29 | Create | Villager (Male) ×2 |
| 21:34 | Create | Monk |
| 21:35 | Research | Fervor |
| 21:36 | Create | Monk ×2 |
| 21:54 | Build | Barracks |
| 21:58 | Create | Villager (Male) ×2 |
| 22:15 | Create | Villager (Male) ×2 |
| 22:26 | Build | Farm |
| 22:30 | Build | Farm |
| 22:31 | Build | Farm |
| 22:33 | Create | Villager (Male) |
| 23:13 | Create | Villager (Male) ×4 |
| 23:17 | Build | Town Center |
| 23:32 | Create | Villager (Male) ×3 |
| 23:38 | Create | Villager (Male) |
| 23:38 | Create | Villager (Male) |
| 23:51 | Create | Villager (Male) |
| 24:00 | Create | Villager (Male) ×3 |
| 24:37 | Research | Sanctity |
| 24:42 | Research | Wheelbarrow |
| 24:47 | Create | Villager (Male) |
| 24:55 | Build | Farm |
| 24:56 | Build | Farm |
| 24:57 | Build | Farm |
| 24:57 | Build | Farm |
| 24:59 | Build | Farm |
| 25:00 | Build | Farm |
| 25:01 | Build | Farm |
| 25:02 | Build | Farm |
| 25:04 | Build | Farm |
| 25:05 | Build | Farm |
| 25:14 | Build | Farm |
| 25:19 | Create | Villager (Male) ×3 |
| 25:37 | Build | Stable |
| 25:41 | Build | Stable |
| 25:43 | Build | Gate |
| 25:47 | Build | Palisade Wall |
| 25:48 | Build | Palisade Wall |
| 25:48 | Build | Palisade Wall |
| 25:52 | Build | Mining Camp |
| 25:57 | Create | Villager (Male) ×4 |
| 26:00 | Create | Villager (Male) |
| 26:02 | Create | Villager (Male) |
| 26:04 | Create | Villager (Male) |
| 26:20 | Build | Mining Camp |
| 26:26 | Create | Villager (Male) |
| 26:28 | Create | Villager (Male) |
| 26:43 | Build | Farm |
| 26:43 | Build | Farm |
| 26:44 | Build | Farm |
| 26:50 | Research | Hand Cart |
| 26:54 | Research | Town Watch |
| 27:04 | Build | Farm |
Build order — lvl.99 Weezing
First 150 of 332 actions detected
| 0:00 | Create | Villager (Male) |
| 0:01 | Create | Villager (Male) |
| 0:02 | Build | House |
| 0:04 | Build | House |
| 0:18 | Create | Villager (Male) |
| 0:25 | Create | Villager (Male) |
| 1:26 | Create | Villager (Male) |
| 2:08 | Create | Villager (Male) |
| 2:12 | Build | Lumber Camp |
| 2:20 | Create | Villager (Male) |
| 2:44 | Create | Villager (Male) |
| 2:57 | Create | Villager (Male) |
| 3:25 | Create | Villager (Male) |
| 3:57 | Create | Villager (Male) |
| 4:03 | Build | House |
| 4:37 | Create | Villager (Male) |
| 4:37 | Create | Villager (Male) |
| 5:08 | Build | Mill |
| 5:50 | Create | Villager (Male) |
| 5:51 | Create | Villager (Male) |
| 5:52 | Create | Villager (Male) |
| 6:00 | Create | Villager (Male) |
| 6:23 | Create | Villager (Male) |
| 6:37 | Build | House |
| 7:08 | Create | Villager (Male) |
| 7:28 | Create | Villager (Male) |
| 8:04 | Build | Farm |
| 8:13 | Build | Farm |
| 8:24 | Build | Farm |
| 8:42 | Create | Villager (Male) |
| 9:02 | Research | Feudal Age |
| 9:20 | Build | Farm |
| 10:09 | Build | Mining Camp |
| 10:29 | Create | Villager (Male) |
| 11:20 | Age | Feudal Age |
| 11:25 | Research | Wheelbarrow |
| 11:29 | Build | House |
| 11:43 | Build | Market |
| 11:45 | Build | Blacksmith |
| 11:53 | Create | Villager (Male) |
| 12:05 | Create | Villager (Male) |
| 12:49 | Build | Farm |
| 12:54 | Build | Farm |
| 12:55 | Build | Farm |
| 13:06 | Create | Villager (Male) |
| 13:56 | Research | Castle Age |
| 14:12 | Build | Barracks |
| 14:17 | Create | Villager (Male) |
| 14:20 | Research | Double-Bit Axe |
| 14:49 | Create | Villager (Male) |
| 14:56 | Build | Farm |
| 14:57 | Build | Farm |
| 14:57 | Build | Farm |
| 15:31 | Build | Stable |
| 15:38 | Build | House |
| 16:36 | Age | Castle Age |
| 17:04 | Create | Villager (Male) |
| 17:16 | Build | Town Center |
| 17:22 | Create | Knight |
| 17:33 | Create | Villager (Male) |
| 17:45 | Create | Villager (Male) |
| 17:46 | Create | Villager (Male) |
| 18:04 | Create | Knight |
| 18:07 | Create | Villager (Male) |
| 18:09 | Build | Farm |
| 18:23 | Create | Villager (Male) |
| 18:24 | Create | Villager (Male) |
| 18:34 | Create | Knight |
| 18:42 | Create | Villager (Male) |
| 18:45 | Create | Villager (Male) |
| 19:19 | Build | Farm |
| 19:20 | Create | Villager (Male) |
| 19:20 | Create | Villager (Male) |
| 19:25 | Build | House |
| 19:27 | Build | House |
| 19:30 | Build | House |
| 19:36 | Research | Hand Cart |
| 19:54 | Build | Farm |
| 19:57 | Create | Villager (Male) |
| 20:04 | Create | Knight |
| 20:09 | Build | Farm |
| 20:09 | Build | Farm |
| 20:10 | Build | Farm |
| 20:12 | Create | Villager (Male) |
| 20:12 | Create | Villager (Male) |
| 20:36 | Create | Villager (Male) |
| 20:37 | Create | Villager (Male) |
| 20:38 | Create | Villager (Male) |
| 20:38 | Create | Villager (Male) |
| 20:46 | Build | House |
| 20:48 | Build | House |
| 20:49 | Build | House |
| 21:07 | Create | Villager (Male) |
| 21:29 | Create | Knight |
| 21:31 | Create | Knight |
| 21:53 | Create | Knight |
| 21:54 | Create | Villager (Male) |
| 21:58 | Build | Town Center |
| 22:00 | Create | Villager (Male) |
| 22:18 | Create | Knight |
| 22:47 | Create | Villager (Male) |
| 22:47 | Create | Villager (Male) |
| 23:39 | Create | Spearman |
| 23:46 | Create | Villager (Male) |
| 23:46 | Create | Villager (Male) |
| 23:54 | Create | Villager (Male) |
| 23:54 | Create | Villager (Male) |
| 23:55 | Create | Villager (Male) |
| 24:01 | Create | Knight |
| 24:23 | Create | Villager (Male) |
| 24:23 | Create | Villager (Male) |
| 24:30 | Create | Villager (Male) |
| 24:31 | Create | Villager (Male) |
| 24:37 | Build | Farm |
| 24:38 | Build | Farm |
| 24:38 | Build | Farm |
| 24:38 | Build | Farm |
| 24:56 | Create | Villager (Male) |
| 24:58 | Create | Villager (Male) |
| 24:58 | Create | Villager (Male) |
| 24:58 | Create | Villager (Male) |
| 25:12 | Build | Archery Range |
| 25:26 | Build | Farm |
| 25:27 | Create | Villager (Male) |
| 25:27 | Create | Villager (Male) |
| 25:28 | Create | Villager (Male) |
| 25:38 | Research | Stone Mining |
| 25:40 | Research | Gold Mining |
| 25:44 | Build | Farm |
| 25:45 | Build | Farm |
| 25:45 | Build | Farm |
| 25:45 | Build | Farm |
| 25:46 | Build | Farm |
| 25:46 | Build | Farm |
| 25:51 | Build | Lumber Camp |
| 25:55 | Create | Villager (Male) |
| 25:55 | Create | Villager (Male) |
| 26:06 | Create | Villager (Male) |
| 26:06 | Create | Villager (Male) |
| 26:10 | Build | House |
| 26:11 | Build | House |
| 26:12 | Build | House |
| 26:13 | Build | House |
| 26:14 | Build | House |
| 26:16 | Build | Mining Camp |
| 26:33 | Build | Castle |
| 26:42 | Create | Villager (Male) |
| 26:47 | Create | Villager (Male) |
| 26:47 | Create | Villager (Male) |
| 26:47 | Create | Villager (Male) |
Build order — Beefbrocolli
First 150 of 199 actions detected
| 0:04 | Build | House |
| 0:05 | Build | House |
| 0:06 | Build | House |
| 0:08 | Build | House |
| 0:14 | Create | Villager (Male) |
| 0:14 | Create | Villager (Male) |
| 0:14 | Create | Villager (Male) |
| 0:14 | Create | Villager (Male) |
| 0:14 | Create | Villager (Male) |
| 0:40 | Build | House |
| 1:43 | Create | Villager (Male) |
| 1:43 | Create | Villager (Male) |
| 1:43 | Create | Villager (Male) |
| 2:14 | Create | Villager (Male) |
| 2:26 | Create | Villager (Male) |
| 2:26 | Create | Villager (Male) |
| 2:50 | Build | Mill |
| 3:04 | Create | Villager (Male) |
| 3:05 | Create | Villager (Male) |
| 3:13 | Create | Villager (Male) |
| 3:13 | Create | Villager (Male) |
| 3:55 | Create | Villager (Male) |
| 3:55 | Create | Villager (Male) |
| 3:55 | Create | Villager (Male) |
| 4:27 | Create | Villager (Male) |
| 4:28 | Create | Villager (Male) |
| 4:44 | Build | House |
| 4:50 | Create | Villager (Male) |
| 4:50 | Create | Villager (Male) |
| 5:01 | Create | Villager (Male) |
| 5:12 | Create | Villager (Male) |
| 5:12 | Create | Villager (Male) |
| 5:53 | Create | Villager (Male) |
| 5:53 | Create | Villager (Male) |
| 5:53 | Create | Villager (Male) |
| 5:53 | Create | Villager (Male) |
| 7:05 | Create | Villager (Male) |
| 7:05 | Create | Villager (Male) |
| 7:05 | Create | Villager (Male) |
| 7:05 | Create | Villager (Male) |
| 7:32 | Build | Lumber Camp |
| 7:38 | Create | Villager (Male) |
| 8:14 | Create | Villager (Male) |
| 8:59 | Build | Mining Camp |
| 9:33 | Build | Mining Camp |
| 10:14 | Create | Villager (Male) |
| 10:20 | Research | Feudal Age |
| 10:51 | Build | House |
| 10:52 | Build | House |
| 10:53 | Build | House |
| 10:54 | Build | House |
| 12:42 | Build | House |
| 12:43 | Build | House |
| 12:49 | Age | Feudal Age |
| 12:49 | Research | Wheelbarrow |
| 12:50 | Research | Wheelbarrow |
| 12:54 | Research | Double-Bit Axe |
| 12:55 | Research | Gold Mining |
| 12:56 | Research | Horse Collar |
| 13:15 | Build | Market |
| 13:40 | Build | Blacksmith |
| 13:49 | Research | Loom |
| 14:06 | Create | Villager (Male) |
| 14:18 | Build | Barracks |
| 14:40 | Build | Farm |
| 14:41 | Build | Farm |
| 14:53 | Build | Farm |
| 15:07 | Build | Farm |
| 15:42 | Build | Farm |
| 15:42 | Build | Farm |
| 15:43 | Build | Farm |
| 15:52 | Research | Castle Age |
| 16:05 | Build | Watch Tower |
| 16:31 | Build | Farm |
| 17:00 | Build | Stable |
| 17:20 | Research | Padded Archer Armor |
| 18:06 | Build | Mining Camp |
| 18:08 | Research | Bloodlines |
| 18:13 | Research | Scale Barding Armor |
| 18:32 | Create | Villager (Male) |
| 18:32 | Create | Villager (Male) |
| 18:32 | Age | Castle Age |
| 18:52 | Create | Villager (Male) |
| 19:00 | Build | Farm |
| 19:05 | Create | Villager (Male) |
| 19:05 | Create | Villager (Male) |
| 19:26 | Build | Farm |
| 19:27 | Create | Villager (Male) |
| 19:28 | Create | Villager (Male) |
| 19:51 | Build | Farm |
| 19:52 | Create | Villager (Male) |
| 20:08 | Build | Castle |
| 20:18 | Build | Farm |
| 20:19 | Create | Villager (Male) |
| 20:20 | Create | Villager (Male) |
| 20:34 | Research | Heavy Plow |
| 20:51 | Build | Monastery |
| 21:02 | Build | Farm |
| 21:04 | Create | Villager (Male) |
| 21:06 | Build | Farm |
| 21:08 | Create | Villager (Male) |
| 21:16 | Build | Farm |
| 21:28 | Research | Fervor |
| 21:29 | Create | Missionary |
| 21:29 | Create | Missionary |
| 21:29 | Create | Missionary |
| 21:36 | Build | Farm |
| 21:43 | Research | Leather Archer Armor |
| 21:53 | Build | University |
| 21:58 | Build | Farm |
| 22:00 | Create | Villager (Male) |
| 22:16 | Research | Husbandry |
| 22:26 | Build | Farm |
| 22:27 | Create | Villager (Male) |
| 22:40 | Create | Knight |
| 22:40 | Create | Knight |
| 22:40 | Create | Knight |
| 22:52 | Build | Farm |
| 22:59 | Create | Missionary |
| 23:10 | Create | Conquistador |
| 23:10 | Create | Conquistador |
| 23:10 | Create | Conquistador |
| 25:00 | Research | Chain Barding Armor |
| 25:01 | Research | Forging |
| 25:02 | Create | Villager (Male) |
| 25:03 | Create | Villager (Male) |
| 25:03 | Create | Villager (Male) |
| 25:07 | Build | Farm |
| 25:10 | Research | Fortified Wall (upgrade) |
| 25:12 | Research | Guard Tower (upgrade) |
| 25:52 | Build | Farm |
| 25:53 | Create | Villager (Male) |
| 25:53 | Create | Villager (Male) |
| 25:58 | Build | Farm |
| 26:31 | Create | Villager (Male) |
| 26:35 | Build | Farm |
| 26:41 | Research | Hand Cart |
| 26:53 | Create | Conquistador |
| 26:53 | Create | Conquistador |
| 26:54 | Create | Conquistador |
| 27:01 | Create | Knight |
| 27:01 | Create | Knight |
| 27:55 | Build | Farm |
| 27:57 | Build | Farm |
| 27:59 | Create | Villager (Male) |
| 28:24 | Create | Trade Cart |
| 28:39 | Create | Conquistador |
| 28:39 | Create | Conquistador |
| 28:42 | Create | Knight |
| 28:43 | Research | Inquisition |
Build order — GoblinMasterUK
First 150 of 214 actions detected
| 0:01 | Create | Villager (Male) |
| 0:01 | Create | Villager (Male) |
| 0:02 | Build | House |
| 0:04 | Build | House |
| 0:25 | Create | Villager (Male) |
| 0:33 | Create | Villager (Male) |
| 1:34 | Create | Villager (Male) |
| 1:35 | Create | Villager (Male) |
| 2:04 | Create | Villager (Male) |
| 2:04 | Create | Villager (Male) |
| 2:12 | Build | Lumber Camp |
| 2:16 | Create | Villager (Male) |
| 2:32 | Research | Loom |
| 2:46 | Create | Villager (Male) |
| 3:01 | Build | House |
| 3:06 | Build | House |
| 3:10 | Create | Villager (Male) |
| 3:46 | Create | Villager (Male) |
| 4:12 | Create | Villager (Male) |
| 4:21 | Create | Villager (Male) |
| 5:11 | Create | Villager (Male) |
| 5:28 | Create | Villager (Male) |
| 5:42 | Build | Mill |
| 5:54 | Create | Villager (Male) |
| 6:06 | Create | Villager (Male) |
| 6:37 | Create | Villager (Male) |
| 6:52 | Create | Villager (Male) |
| 7:13 | Create | Villager (Male) |
| 7:18 | Build | House |
| 7:39 | Create | Villager (Male) |
| 8:01 | Build | Mining Camp |
| 8:08 | Create | Villager (Male) |
| 8:58 | Create | Villager (Male) |
| 9:14 | Research | Feudal Age |
| 9:50 | Create | Villager (Male) |
| 10:34 | Build | House |
| 10:42 | Build | House |
| 11:05 | Build | Barracks |
| 11:19 | Build | Farm |
| 11:23 | Build | Farm |
| 11:24 | Build | Farm |
| 11:29 | Build | Farm |
| 11:33 | Age | Feudal Age |
| 11:51 | Build | House |
| 12:03 | Build | Blacksmith |
| 12:13 | Build | Market |
| 12:20 | Build | House |
| 12:21 | Build | House |
| 12:24 | Build | House |
| 12:26 | Create | Villager (Male) |
| 12:37 | Build | Farm |
| 13:08 | Research | Castle Age |
| 13:08 | Research | Castle Age |
| 13:10 | Research | Loom |
| 13:17 | Create | Spearman |
| 13:18 | Create | Spearman |
| 13:18 | Create | Spearman |
| 13:50 | Build | Farm |
| 13:52 | Build | Farm |
| 13:57 | Build | Farm |
| 14:12 | Build | House |
| 14:17 | Build | House |
| 14:36 | Research | Man-at-Arms (upgrade) |
| 14:37 | Create | Militia ×3 |
| 14:46 | Build | House |
| 15:08 | Research | Forging |
| 15:29 | Create | Militia |
| 15:45 | Build | Mining Camp |
| 15:48 | Age | Castle Age |
| 15:53 | Create | Villager (Male) |
| 16:08 | Create | Villager (Male) |
| 16:28 | Create | Villager (Male) |
| 16:33 | Create | Militia |
| 16:34 | Create | Militia |
| 16:45 | Create | Villager (Male) |
| 17:06 | Build | Farm |
| 17:07 | Build | Farm |
| 17:13 | Build | Farm |
| 17:15 | Build | Farm |
| 17:43 | Research | Double-Bit Axe |
| 18:12 | Create | Villager (Male) |
| 18:24 | Build | Siege Workshop |
| 18:30 | Create | Villager (Male) |
| 18:33 | Research | Long Swordsman (upgrade) |
| 19:02 | Create | Militia |
| 19:02 | Create | Militia |
| 19:08 | Create | Villager (Male) |
| 19:09 | Create | Villager (Male) |
| 19:29 | Create | Scorpion ×2 |
| 20:03 | Create | Villager (Male) |
| 20:06 | Create | Scorpion |
| 20:10 | Create | Villager (Male) |
| 20:15 | Research | Wheelbarrow |
| 21:04 | Create | Scorpion |
| 21:13 | Build | University |
| 21:33 | Create | Villager (Male) |
| 22:23 | Build | Castle |
| 22:25 | Create | Villager (Male) |
| 22:25 | Create | Villager (Male) |
| 23:35 | Build | Castle |
| 23:58 | Create | Villager (Male) |
| 23:58 | Create | Villager (Male) |
| 24:03 | Research | Hand Cart |
| 24:17 | Build | Barracks |
| 24:19 | Build | Barracks |
| 24:27 | Research | Iron Casting |
| 24:30 | Research | Scale Mail Armor |
| 24:39 | Create | Villager (Male) |
| 24:47 | Build | Farm |
| 24:49 | Build | Farm |
| 24:50 | Build | Farm |
| 24:52 | Build | Farm |
| 24:54 | Create | Villager (Male) |
| 26:07 | Build | Town Center |
| 26:28 | Create | Villager (Male) |
| 26:39 | Research | Pikeman (upgrade) |
| 26:58 | Create | Villager (Male) |
| 27:30 | Build | Town Center |
| 27:34 | Create | Villager (Male) ×5 |
| 28:33 | Create | Spearman ×5 |
| 28:37 | Create | Villager (Male) ×3 |
| 28:49 | Create | Villager (Male) |
| 28:54 | Create | Scorpion |
| 29:21 | Create | Spearman ×5 |
| 29:31 | Build | Farm |
| 29:31 | Build | Farm |
| 29:31 | Build | Farm |
| 29:32 | Build | Farm |
| 29:34 | Build | Farm |
| 29:59 | Build | Town Center |
| 30:08 | Create | Villager (Male) ×5 |
| 30:18 | Create | Scorpion |
| 30:18 | Create | Scorpion |
| 30:21 | Create | Villager (Male) |
| 30:57 | Create | Villager (Male) ×5 |
| 31:02 | Create | Spearman ×2 |
| 31:02 | Create | Spearman ×2 |
| 31:12 | Build | Farm |
| 31:12 | Build | Farm |
| 31:36 | Create | Scorpion |
| 31:37 | Create | Scorpion |
| 32:01 | Research | Fortified Wall (upgrade) |
| 32:06 | Create | Villager (Male) ×5 |
| 32:11 | Build | Farm |
| 32:11 | Build | Farm |
| 32:12 | Build | Farm |
| 32:15 | Build | Farm |
| 32:23 | Create | Villager (Male) ×2 |
| 32:29 | Build | Farm |
| 32:29 | Build | Farm |
Build order — Lorem Ipsum
First 150 of 393 actions detected
| 0:03 | Build | House |
| 0:05 | Build | House |
| 0:05 | Create | Villager (Male) |
| 0:06 | Create | Villager (Male) |
| 0:06 | Create | Villager (Male) |
| 0:06 | Create | Villager (Male) |
| 0:06 | Create | Villager (Male) |
| 1:46 | Create | Villager (Male) |
| 2:11 | Create | Villager (Male) |
| 2:18 | Build | Lumber Camp |
| 2:20 | Create | Villager (Male) |
| 3:30 | Create | Villager (Male) |
| 3:46 | Create | Villager (Male) |
| 4:04 | Create | Villager (Male) |
| 4:27 | Create | Villager (Male) |
| 4:48 | Build | House |
| 4:50 | Build | House |
| 5:15 | Create | Villager (Male) |
| 5:16 | Create | Villager (Male) |
| 5:16 | Create | Villager (Male) |
| 5:22 | Create | Villager (Male) |
| 5:22 | Create | Villager (Male) |
| 6:50 | Build | Mill |
| 6:56 | Create | Villager (Male) |
| 7:24 | Create | Villager (Male) |
| 7:40 | Create | Villager (Male) |
| 8:10 | Build | Mining Camp |
| 8:15 | Create | Villager (Male) |
| 8:28 | Create | Villager (Male) |
| 8:39 | Research | Feudal Age |
| 11:12 | Create | Villager (Male) |
| 11:15 | Age | Feudal Age |
| 11:20 | Build | Market |
| 11:28 | Build | Blacksmith |
| 11:59 | Research | Castle Age |
| 11:59 | Research | Castle Age |
| 12:15 | Build | Lumber Camp |
| 12:38 | Build | House |
| 12:47 | Research | Double-Bit Axe |
| 13:00 | Build | House |
| 13:51 | Build | Farm |
| 13:53 | Build | Farm |
| 13:55 | Build | Farm |
| 14:00 | Build | Farm |
| 14:02 | Build | Farm |
| 14:05 | Build | Farm |
| 14:13 | Build | Farm |
| 14:39 | Age | Castle Age |
| 14:47 | Create | Villager (Male) |
| 14:48 | Create | Villager (Male) |
| 14:55 | Build | Town Center |
| 15:16 | Build | Farm |
| 15:17 | Create | Villager (Male) |
| 15:42 | Build | Farm |
| 15:58 | Create | Villager (Male) |
| 15:58 | Create | Villager (Male) |
| 16:09 | Build | Farm |
| 16:12 | Create | Villager (Male) |
| 16:28 | Build | Farm |
| 16:29 | Create | Villager (Male) |
| 16:29 | Create | Villager (Male) |
| 16:33 | Build | Farm |
| 16:33 | Create | Villager (Male) |
| 16:34 | Create | Villager (Male) |
| 16:46 | Build | Mining Camp |
| 16:48 | Create | Villager (Male) |
| 17:16 | Research | Stone Mining |
| 17:31 | Create | Villager (Male) |
| 17:31 | Create | Villager (Male) |
| 17:38 | Create | Villager (Male) |
| 17:39 | Create | Villager (Male) |
| 17:44 | Build | Farm |
| 17:55 | Create | Villager (Male) |
| 17:55 | Create | Villager (Male) |
| 18:02 | Build | Farm |
| 18:03 | Create | Villager (Male) |
| 18:03 | Create | Villager (Male) |
| 18:08 | Build | Farm |
| 18:25 | Build | House |
| 18:26 | Build | House |
| 18:27 | Build | House |
| 18:31 | Create | Villager (Male) |
| 18:31 | Create | Villager (Male) |
| 18:31 | Create | Villager (Male) |
| 18:36 | Build | Farm |
| 18:45 | Build | Farm |
| 18:46 | Create | Villager (Male) |
| 18:56 | Create | Villager (Male) |
| 18:57 | Create | Villager (Male) |
| 19:06 | Create | Villager (Male) |
| 19:07 | Create | Villager (Male) |
| 19:19 | Create | Villager (Male) |
| 19:19 | Create | Villager (Male) |
| 19:24 | Build | Farm |
| 19:32 | Create | Villager (Male) |
| 19:36 | Build | Farm |
| 19:37 | Create | Villager (Male) |
| 19:38 | Create | Villager (Male) |
| 19:41 | Build | Farm |
| 19:44 | Create | Villager (Male) |
| 19:44 | Create | Villager (Male) |
| 20:01 | Build | Town Center |
| 20:12 | Create | Villager (Male) |
| 20:12 | Create | Villager (Male) |
| 20:19 | Build | House |
| 20:20 | Build | House |
| 20:21 | Build | House |
| 20:23 | Build | House |
| 20:59 | Create | Villager (Male) |
| 21:00 | Create | Villager (Male) |
| 21:00 | Create | Villager (Male) |
| 21:01 | Create | Villager (Male) |
| 21:06 | Create | Villager (Male) |
| 21:16 | Build | Castle |
| 21:21 | Build | Mining Camp |
| 21:24 | Create | Villager (Male) |
| 21:24 | Create | Villager (Male) |
| 21:26 | Create | Villager (Male) |
| 21:26 | Create | Villager (Male) |
| 21:28 | Create | Villager (Male) |
| 21:42 | Build | Farm |
| 21:47 | Build | House |
| 21:50 | Build | House |
| 21:51 | Build | House |
| 21:56 | Research | Bow Saw |
| 22:09 | Build | Farm |
| 22:11 | Create | Villager (Male) |
| 22:13 | Create | Villager (Male) |
| 22:14 | Create | Villager (Male) |
| 22:14 | Create | Villager (Male) |
| 22:14 | Create | Villager (Male) |
| 22:20 | Build | Farm |
| 22:27 | Create | Villager (Male) |
| 22:38 | Research | Horse Collar |
| 22:45 | Build | Farm |
| 22:51 | Create | Villager (Male) |
| 22:51 | Create | Villager (Male) |
| 23:00 | Build | Farm |
| 23:02 | Create | Villager (Male) |
| 23:03 | Create | Villager (Male) |
| 23:06 | Build | House |
| 23:09 | Build | House |
| 23:11 | Create | Villager (Male) |
| 23:11 | Create | Villager (Male) |
| 23:22 | Create | Janissary |
| 23:29 | Create | Villager (Male) |
| 23:30 | Create | Villager (Male) |
| 23:49 | Create | Villager (Male) |
| 23:49 | Create | Villager (Male) |
| 23:50 | Create | Villager (Male) |
Match timeline
| 10:17 | SwissMilk · age_up feudal |
| 10:27 | likelisi017 · first_building Barracks |
| 11:05 | GoblinMasterUK · first_building Barracks |
| 11:14 | Qtiz · age_up feudal |
| 11:15 | Lorem Ipsum · age_up feudal |
| 11:20 | lvl.99 Weezing · age_up feudal |
| 11:27 | chens_pancake · age_up feudal |
| 11:33 | GoblinMasterUK · age_up feudal |
| 11:33 | likelisi017 · age_up feudal |
| 12:30 | likelisi017 · first_building Stable |
| 12:49 | Beefbrocolli · age_up feudal |
| 13:41 | SwissMilk · first_market_buy 100 food |
| 14:12 | lvl.99 Weezing · first_building Barracks |
| 14:18 | Beefbrocolli · first_building Barracks |
| 14:30 | SwissMilk · age_up castle |
| 14:39 | Lorem Ipsum · age_up castle |
| 15:31 | lvl.99 Weezing · first_building Stable |
| 15:48 | GoblinMasterUK · age_up castle |
| 15:49 | Beefbrocolli · first_market_buy 100 food |
| 16:31 | likelisi017 · age_up castle |
| 16:36 | lvl.99 Weezing · age_up castle |
| 16:49 | Qtiz · age_up castle |
| 17:00 | Beefbrocolli · first_building Stable |
| 17:53 | GoblinMasterUK · first_market_buy 100 wood |
| 18:17 | chens_pancake · age_up castle |
| 18:24 | GoblinMasterUK · first_building Siege Workshop |
| 18:32 | Beefbrocolli · age_up castle |
| 18:52 | likelisi017 · first_building Castle |
| 19:05 | chens_pancake · wall_segment Stone Wall x4 |
| 20:08 | Beefbrocolli · first_building Castle |
| 20:32 | SwissMilk · first_building Monastery |
| 20:42 | chens_pancake · first_building Monastery |
| 20:51 | Beefbrocolli · first_building Monastery |
| 20:52 | Qtiz · first_building Barracks |
| 21:16 | Lorem Ipsum · first_building Castle |
| 21:54 | chens_pancake · first_building Barracks |
| 22:23 | GoblinMasterUK · first_building Castle |
| 22:54 | Qtiz · first_building Archery Range |
| 23:51 | SwissMilk · first_building Castle |
| 24:02 | Qtiz · first_building Monastery |
| 24:29 | Qtiz · first_building Castle |
| 25:12 | lvl.99 Weezing · first_building Archery Range |
| 25:15 | Lorem Ipsum · first_building Barracks |
| 25:37 | chens_pancake · first_building Stable |
| 25:47 | chens_pancake · wall_segment Palisade Wall x3 |
| 25:48 | chens_pancake · wall_segment Palisade Wall x1 |
| 25:48 | chens_pancake · wall_segment Palisade Wall x1 |
| 26:33 | lvl.99 Weezing · first_building Castle |
| 26:36 | Lorem Ipsum · first_building Siege Workshop |
| 26:38 | GoblinMasterUK · first_market_sell 100 food |
| 26:56 | Lorem Ipsum · first_building Monastery |
| 27:22 | Lorem Ipsum · first_building Archery Range |
| 27:36 | Lorem Ipsum · first_market_buy 100 food |
| 27:44 | Lorem Ipsum · first_market_sell 100 wood |
| 28:06 | SwissMilk · first_building Barracks |
| 29:10 | SwissMilk · age_up imperial |
| 29:13 | Lorem Ipsum · first_building Stable |
| 29:46 | SwissMilk · first_building Stable |
| 30:28 | Qtiz · first_building Siege Workshop |
| 31:14 | Lorem Ipsum · age_up imperial |
| 33:20 | Qtiz · first_market_sell 100 food |
| 33:24 | chens_pancake · first_market_sell 100 wood |
| 34:15 | Beefbrocolli · age_up imperial |
| 34:33 | likelisi017 · age_up imperial |
| 34:43 | lvl.99 Weezing · age_up imperial |
| 34:56 | chens_pancake · wall_segment Stone Wall x6 |
| 35:05 | SwissMilk · first_building Archery Range |
| 35:11 | chens_pancake · age_up imperial |
| 35:55 | chens_pancake · first_building Castle |
| 36:34 | Qtiz · age_up imperial |
| 37:39 | Qtiz · first_market_buy 100 food |
| 38:33 | GoblinMasterUK · age_up imperial |
| 38:46 | Beefbrocolli · resign |
| 38:56 | lvl.99 Weezing · first_building Siege Workshop |
[ AI ANALYSIS · 1 CREDIT ]
What really happened in this match?
Wolo.gg analyzes every decision: build order, eco, micro, common mistakes by bracket. Personalized analysis on WhatsApp or Discord in 30 seconds.
Civ guide
Huns
Perfil
Jugador #263985